 Dungeon Crawl Stone Soup version 0.18.1-50-g88ac8fd (webtiles) character file.

7371 magog001 the Blocker (level 11, -14/67 HPs)
             Began as a Gargoyle Fighter on Nov 17, 2018.
             Was a Follower of Nemelex Xobeh.
             Killed from afar by an ice statue (21 damage)
             ... with a bolt of cold
             ... in an ice cave.
             The game lasted 00:59:32 (12243 turns).

magog001 the Blocker (Gargoyle Fighter)            Turns: 12243, Time: 00:59:35

Health: -14/67     AC: 32    Str: 23    XL:     11   Next: 14%
Magic:  11/11      EV:  6    Int:  9    God:    Nemelex Xobeh [*.....]
Gold:   841        SH: 18    Dex: 14    Spells: 0 memorised, 10 levels left

rFire  . . .     SeeInvis .     D - +1 flail (protect)
rCold  . . .     Gourm    .     e - +0 plate armour
rNeg   + . .     Faith    .     c - +0 shield
rPois  ∞         Spirit   .     t - +0 helmet
rElec  +         Dismiss  .     q - +2 cloak {+Inv}
rCorr  .         Reflect  +     p - +0 pair of gloves
SustAt .         Harm     .     (no boots)
MR     .....                    b - +5 amulet of reflection
Stlth  ..........               v - +5 ring of dexterity
                                A - ring of wizardry

@: not resistant to hostile enchantments, extremely unstealthy
A: big wings, claws 1, negative energy resistance 1, screaming 1, electricity
resistance, unbreathing, evolution 1, petrification resistance, rot immunity, AC
+7
a: Fly, Renounce Religion, Evoke Invisibility


You were in an ice cave.
You worshipped Nemelex Xobeh.
Nemelex Xobeh was aware of your devotion.
You were full.

You visited 2 branches of the dungeon, and saw 12 of its levels.
You also visited: Sewer, Ossuary and Ice Cave.

You collected 841 gold pieces.

Inventory:

Hand Weapons
 D - a +1 flail of protection (weapon)
 I - a +0 greatsling
 L - a +2 flail of holy wrath
Missiles
 k - 4 tomahawks (quivered)
 m - 10 tomahawks of dispersal
 r - 38 sling bullets
Armour
 c - a +0 shield (worn)
 e - a +0 plate armour (worn)
 p - a +0 pair of gloves (worn)
 q - a +2 cloak of invisibility (worn)
 t - a +0 helmet (worn)
 x - a +0 large shield
Rods
 u - a +2 rod of shadows (12/12)
   (You found it on level 9 of the Dungeon)
Jewellery
 b - a +5 amulet of reflection (around neck)
 n - an uncursed amulet of magic regeneration {unknown}
 v - a +5 ring of dexterity (right hand)
 A - a ring of wizardry (left hand)
Wands
 s - a wand of iceblast (7/15)
 w - a wand of flame (41/48)
 H - a wand of digging (10/24)
 J - a wand of lightning (1/15)
 N - a wand of flame (18/48)
Scrolls
 a - 3 scrolls of fog
 d - 2 scrolls of teleportation
 h - 4 scrolls of remove curse
 o - 4 scrolls of recharging
 y - a scroll of amnesia
 K - 2 scrolls of fear
Potions
 g - a potion of flight {unknown}
 i - a potion of ambrosia
 l - 5 potions of agility
 E - a potion of invisibility {unknown}
 F - a potion of haste {unknown}
 G - a potion of brilliance {unknown}
 O - a potion of cancellation
Miscellaneous
 B - an ornate deck of escape {drawn: 2}
 R - a plain deck of war {drawn: 4}
Comestibles
 f - 3 bread rations
 j - 10 slices of pizza
 z - 7 meat rations


   Skills:
 * Level 7.1 Fighting
 * Level 7.9 Maces & Flails
 * Level 8.1 Armour
 * Level 7.0 Stealth
 * Level 11.8 Shields


You had 10 spell levels left.
You didn't know any spells.

Dungeon Overview and Level Annotations

Branches:
Dungeon (12/15)            Temple (1/1) D:6            Lair (0/8) D:9
    Orc: D:9-12

Altars:
Ashenzari
Cheibriados
Dithmenos
Elyvilon
Fedhas
Gozag
Kikubaaqudgha
Makhleb
Nemelex Xobeh
Okawaru
Pakellas
Qazlal
Ru
Sif Muna
Trog
Vehumet
Xom
Yredelemnul
Zin
The Shining One

Shops:
D:2 *

Annotations:
IceCv exclusion: 2 ice statues


Innate Abilities, Weirdness & Mutations

You are resistant to torment.
Your stone body is resilient (AC +7).
You are immune to poison.
You resist negative energy.
You are resistant to electric shocks.
You can survive without breathing.
You are immune to petrification.
You are immune to rotting.
Your large and strong wings let you fly indefinitely.
You have sharp fingernails.
You occasionally shout uncontrollably at your foes.
You evolve.


Message History

Your magical armour fades away.
The ice beast barely misses you.
The ice beast hits you but does no damage. x2
You block the ice beast's attack.
The ice beast hits you but does no damage. x2
Evoke which item? (* to show all) (? for menu, Esc to quit)
You draw a card...
It is the Banshee.
The ice beast is drained! x6
The ice statue is unaffected. x2; The ice beast looks frightened! x6
You are engulfed in freezing vapours.
Unknown command.
Drink which item? (? for menu, Esc to quit)
Okay, then.
Read which item? (? for menu, Esc to quit)
As you read the scroll of fear, it crumbles to dust.
You assume a fearsome visage.
The ice statue is unaffected. x2
You are engulfed in freezing vapours.
The ice statue gestures at you. The bolt of cold hits you!
You die...
Your body glows slightly and disappears.

#####
####...###
##........##
##..Y.Y§....#
##....§§§....#
#....Y§@8..8.#
#.....§§§.(..#
#.∩..Y.Y.Y.).#
#.........$..#
#.......8..8.#
##...........#
##..........#
##........##
####...###


You could see 2 ice statues and 6 ice beasts.

Vanquished Creatures
  Erolcha (D:8)
  Sigmund (D:6)
  A human (D:9)
  A hog (D:9)
  5 yaks (D:9)
  2 hippogriffs
  A hungry ghost (D:7)
  Edmund (D:6)
  2 hell hounds (D:9)
  A water moccasin (D:7)
  Duvessa (D:5)
  2 ice beasts
  3 sky beasts
  3 phantoms
  3 ogres
  2 centaurs (D:9)
  2 big kobolds
  Blork the orc (D:4)
  9 giant frogs
  Dowan (D:5)
  A wyvern skeleton (D:9)
  2 scorpions
  6 killer bees (D:8)
  5 wights (D:7)
  3 howler monkeys
  3 crimson imps
  A giant frog zombie (D:12)
  A centaur zombie (D:9)
  3 hounds
  3 jellies
  A centaur skeleton (D:4)
  3 orc priests
  2 orc wizards (D:8)
  2 giant frog skeletons (D:4)
  5 iguanas
  8 worker ants
  3 sheep (D:9)
  2 hound zombies (D:8)
  8 mummies (Ossuary)
  2 worker ant zombies
  2 river rats (D:3)
  17 adders
  3 shadow imps
  12 white imps (D:12)
  2 worms (D:2)
  4 dart slugs
  13 giant geckos
  16 orcs
  7 ball pythons
  4 bats
  10 giant cockroaches
  2 gnoll zombies (Ossuary)
  8 goblins
  7 hobgoblins
  A jackal (D:5)
  13 kobolds
  9 quokkas
  A giant gecko zombie (D:4)
  9 giant newts
  A hobgoblin zombie (Ossuary)
  3 kobold zombies (Ossuary)
  2 orc zombies (Ossuary)
  A quokka skeleton (D:5)
  10 rats
  A fungus (D:6)
  A plant (D:1)
266 creatures vanquished.

Vanquished Creatures (collateral kills)
  7 ice beasts (IceCv)
7 creatures vanquished.

Vanquished Creatures (others)
  A boulder beetle (D:4)
  A centaur (D:8)
  A jackal (D:5)
  A kobold (D:9)
  A bush (D:4)
5 creatures vanquished.

Grand Total: 278 creatures vanquished

Notes
Turn   | Place    | Note
--------------------------------------------------------------
     0 | D:1      | magog001 the Gargoyle Fighter began the quest for the Orb.
     0 | D:1      | Reached XP level 1. HP: 14/14 MP: 1/1
   197 | D:1      | Reached XP level 2. HP: 15/19 MP: 2/2
   787 | D:1      | Reached XP level 3. HP: 23/23 MP: 3/3
  1306 | D:2      | Found an iron altar of Okawaru.
  1411 | D:2      | Reached skill level 4 in Shields
  1441 | D:2      | Reached XP level 4. HP: 18/28 MP: 4/4
  1768 | D:2      | Found Zin's Purification Station.
  1772 | D:2      | Found a glowing silver altar of Zin.
  1996 | D:3      | Found a bloodstained altar of Trog.
  2012 | D:3      | Reached skill level 1 in Stealth
  2225 | D:3      | Found a glowing drain.
  2236 | Sewer    | Entered a sewer
  2279 | Sewer    | Reached XP level 5. HP: 21/32 MP: 5/5
  2758 | Sewer    | Reached skill level 5 in Shields
  2758 | Sewer    | Reached XP level 6. HP: 21/38 MP: 6/6
  2941 | D:3      | HP: 1/38 [river rat (5)]
  3480 | D:3      | Found a deep blue altar of Sif Muna.
  3858 | D:4      | Found a stormy altar of Qazlal.
  3939 | D:4      | Reached skill level 5 in Armour
  3988 | D:4      | Noticed Blork the orc
  4017 | D:4      | Killed Blork the orc
  4017 | D:4      | Reached XP level 7. HP: 27/43 MP: 7/7
  4177 | D:4      | Found an oddly glowing altar of Pakellas.
  4178 | D:4      | Noticed a boulder beetle
  4201 | D:4      | Killed a boulder beetle
  4424 | D:4      | Reached skill level 6 in Shields
  4769 | D:5      | Entered Level 5 of the Dungeon
  5442 | D:5      | Reached XP level 8. HP: 48/48 MP: 5/8
  5471 | D:5      | Noticed Dowan
  5471 | D:5      | Noticed Duvessa
  5499 | D:5      | Gained mutation: You occasionally shout uncontrollably at your foes. [mutagenic glow]
  5530 | D:5      | Killed Duvessa
  5545 | D:5      | Killed Dowan
  5545 | D:5      | Reached skill level 7 in Shields
  6363 | D:6      | Reached skill level 5 in Fighting
  6393 | D:6      | Found a staircase to the Ecumenical Temple.
  6593 | D:6      | Noticed Edmund
  6627 | D:6      | Killed Edmund
  6725 | D:6      | Found a sand-covered staircase.
  6734 | Ossuary  | Entered an ossuary
  7252 | D:6      | Reached skill level 8 in Shields
  7370 | D:6      | Noticed Sigmund
  7386 | D:6      | Killed Sigmund
  7386 | D:6      | Reached XP level 9. HP: 54/54 MP: 9/9
  7592 | Temple   | Entered the Ecumenical Temple
  7635 | Temple   | Became a worshipper of Nemelex Xobeh the Trickster
  7844 | D:6      | Reached skill level 5 in Maces & Flails
  8229 | D:7      | Received a gift from Nemelex Xobeh
  8314 | D:7      | Reached skill level 5 in Stealth
  8328 | D:7      | Reached skill level 9 in Shields
  9452 | D:8      | Noticed Erolcha
  9490 | D:8      | Killed Erolcha
  9490 | D:8      | Reached skill level 10 in Shields
  9490 | D:8      | Reached XP level 10. HP: 36/61 MP: 10/10
 10833 | D:9      | Reached * piety under Nemelex Xobeh
 10912 | D:9      | Gained mutation: You evolve. [mutagenic meat]
 10913 | D:9      | Gained mutation: Your large and strong wings let you fly indefinitely. [mutagenic meat]
 10914 | D:9      | Gained mutation: You have sharp fingernails. [mutagenic meat]
 10915 | D:9      | Gained mutation: You are agile. (Dex +2) [mutagenic meat]
 10916 | D:9      | Lost mutation: You are agile. (Dex +2) [mutagenic meat]
 10966 | D:9      | Reached skill level 11 in Shields
 11015 | D:9      | Found a staircase to the Lair.
 11100 | D:9      | Found a burning altar of Makhleb.
 11165 | D:9      | Found a shimmering altar of Xom.
 11352 | D:9      | Reached XP level 11. HP: 58/67 MP: 11/11
 11943 | D:10     | Entered Level 10 of the Dungeon
 11945 | D:10     | You fall through a shaft for 2 floors!
 11949 | D:12     | Received a gift from Nemelex Xobeh
 11991 | D:12     | Found a frozen archway.
 12034 | IceCv    | Entered an ice cave
 12243 | IceCv    | Killed from afar by an ice statue

Skill      XL: |  1  2  3  4  5  6  7  8  9 10 11 |
---------------+----------------------------------+-----
Armour         | 4 5 6 7 8 |  8.1
Shields        | 4 5 6 8 10 11 | 11.8
Stealth        | 1 2 3 4 6 7 |  7.0
Maces & Flails | 3 4 6 7 |  7.9
Fighting       | 4 5 6 7 |  7.1

Action                   |  1- 3 |  4- 6 |  7- 9 | 10-12 || total
-------------------------+-------+-------+-------+-------++-------
Melee: Flail             |   196 |   329 |   442 |   461 ||  1428
       Mace              |       |       |   161 |       ||   161
Throw: Tomahawk          |       |       |     1 |       ||     1
 Abil: Evoke Invisibilit |       |       |     4 |       ||     4
       Fly               |       |       |       |     1 ||     1
       Stop Flying       |       |       |       |     1 ||     1
Evoke: Wand              |       |       |     5 |     3 ||     8
       Deck              |       |       |     1 |     5 ||     6
  Use: Scroll            |       |     6 |     4 |     5 ||    15
       Potion            |       |     1 |    16 |     3 ||    20
 Stab: Invisible         |       |       |     3 |       ||     3
       Distracted        |       |       |       |     1 ||     1
  Eat: Chunk             |     2 |    10 |     8 |    10 ||    30
       Meat ration       |       |     1 |       |       ||     1
       Bread ration      |       |       |     2 |       ||     2
       Beef jerky        |       |       |     1 |     3 ||     4
       Royal jelly       |       |       |       |     1 ||     1
       Fruit             |       |       |       |     4 ||     4
Armor: Scale mail        |    76 |   146 |       |       ||   222
       Plate armour      |       |    68 |   264 |   343 ||   675
       Skin              |       |       |     5 |    17 ||    22
Dodge: Dodged            |    50 |   107 |    86 |   148 ||   391
Block: Shield            |    90 |   268 |   542 |   557 ||  1457
       Reflection        |       |     2 |     6 |    26 ||    34
